 Dungeon Crawl Stone Soup version 0.20.1-1-g8b1a95d (webtiles) character file.

116 Folque the Magician (level 5, -1/34 HPs)
             Began as an Octopode Wizard on Nov 16, 2017.
             Slain by a gnoll
             ... wielding a +0 club
              (5 damage)
             ... on level 3 of the Dungeon.
             The game lasted 00:07:20 (2837 turns).

Folque the Magician (Octopode Wizard)               Turns: 2837, Time: 00:07:21

Health: -1/34      AC:  1    Str:  7    XL:     5   Next: 1%
Magic:  0/11       EV: 13    Int: 21    God:
Gold:   90         SH:  0    Dex: 10    Spells: 4/12 levels left

rFire    + . .     SeeInvis +   n - +0 hand axe
rCold    . . .     Gourm    .   (no shield)
rNeg     . . .     Faith    .   a - +0 hat
rPois    .         Spirit   +   t - amulet of guardian spirit
rElec    .         Reflect  .   l - ring of see invisible
rCorr    .         Harm     .   i - ring of protection from fire
MR       .....     Rnd*Rage +   (no ring)
Stlth    +++.......             (no ring)
Regen    0.2/turn               (no ring)
MPRegen  0.2/turn               (no ring)
                                (no ring)
                                (no ring)

@: about to teleport, very slightly contaminated
A: almost no armour, stealthy swim, amphibious, 8 rings, constrict 8, camouflage
1, berserk 1, sense surroundings 1, gelatinous body 1
a: no special abilities


You were on level 3 of the Dungeon.
You were hungry.

You visited 1 branch of the dungeon, and saw 3 of its levels.

You collected 90 gold pieces.

Inventory:

Hand Weapons
 h - a +0 club
 n - a +0 hand axe (weapon)
Armour
 a - a +0 hat (worn)
Jewellery
 i - a ring of protection from fire (right tentacle)
 l - a ring of see invisible (left tentacle)
 t - an amulet of guardian spirit (around mantle)
Scrolls
 d - a scroll of noise {unknown}
 j - a scroll of enchant weapon {unknown}
 m - a scroll of random uselessness {unknown}
 s - 2 scrolls of identify
 v - a scroll of remove curse
Potions
 e - a potion of brilliance {unknown}
 g - a potion of ambrosia {unknown}
 k - a potion of flight {unknown}
 o - a potion of lignification {unknown}
 q - a potion of mutation
 u - a potion of curing
Books
 b - a book of Minor Magic

   Spells                             Type                      Level
   a - Magic Dart                     Conjuration                  1
   b - Blink                          Translocation                2
   c - Call Imp                       Summoning                    2
   d - Slow                           Hexes                        2
   e - Conjure Flame                  Conjuration/Fire             3
   f - Mephitic Cloud                 Conjuration/Poison/Air       3
Comestibles
 c - 3 bread rations
 f - 2 royal jellies
 r - 2 meat rations
 w - 5 chunks of flesh


   Skills:
 - Level 2.1 Fighting
 - Level 2.0 Dodging
 - Level 2.6 Stealth
 + Level 4.2 Spellcasting
 + Level 1.5 Conjurations
 - Level 1.0 Summonings
 - Level 1.0 Translocations
 * Level 1.6 Poison Magic


You had 4 spell levels left.
You knew the following spells:

 Your Spells              Type           Power        Failure   Level  Hunger
a - Magic Dart            Conj           ##..         6%          1    None
b - Call Imp              Summ           #.......     12%         2    #......
c - Blink                 Tloc           N/A          12%         2    #......
d - Mephitic Cloud        Conj/Pois/Air  #.......     22%         3    ###....


Dungeon Overview and Level Annotations

Branches:
Dungeon (3/15)

Altars:
Ru
Vehumet


Innate Abilities, Weirdness & Mutations

You cannot wear most types of armour.
You are very stealthy in the water. (Stealth+)
You are amphibious.
You can wear up to eight rings at the same time.
You can use your tentacles to constrict eight enemies at once.
Your skin changes colour to match your surroundings (Stealth+).
Your rubbery body absorbs attacks. (AC +1, EV +1)
You tend to lose your temper in combat.
You passively map a small area around you.


Message History

You miscast Mephitic Cloud.
Wisps of poison gas drift from your tentacles.
You are feeling hungry.
The gnoll hits you with a whip.
You barely miss the gnoll. You grab the gnoll. You hit the gnoll.
You constrict the gnoll, but do no damage.
The gnoll hits you with a whip! The gnoll hits you with a club!
* * * LOW HITPOINT WARNING * * *
The gnoll hits you with a whip.
* * * LOW HITPOINT WARNING * * *
As you read the scroll of teleportation, it crumbles to dust.
You feel strangely unstable.
You constrict the gnoll, but do no damage.
The gnoll hits you with a club.
* * * LOW HITPOINT WARNING * * *
It was a potion of mutation.
You feel extremely strange.
You feel a little pissed off.
You feel a strange attunement to the structure of the dungeons.
You constrict the gnoll. The gnoll hits you with a club.
You die...

.........##.##(..#.#....'...'..#
.........##.###.##.##.###...####
.....[...##.# #.......# #...#
....[....##.######.#### #...#
.........##........######...#
.........##.#######.........#
########....g.....+.........#
#..#.#######.........#
#....).Kg@...........#
#....##.gg....########
########....##.###)###
.................#.#####
########.#.......#.....# #
#..(>####.#####.# # ######
#.#####.# # #.......# #
#########


You could see 3 gnolls and a kobold.

Vanquished Creatures
  A gnoll (D:3)
  4 adders
  A worm (D:3)
  2 leopard geckos
  An orc (D:3)
  4 giant cockroaches
  4 goblins
  10 hobgoblins
  5 jackals (D:1)
  7 kobolds
  3 quokkas
  2 ball pythons
  9 bats
  2 frilled lizards
  7 rats
62 creatures vanquished.

Notes
Turn   | Place    | Note
-------+----------+-------------------------------------------
     0 | D:1      | Folque the Octopode Wizard began the quest for the Orb.
     0 | D:1      | Reached XP level 1. HP: 11/11 MP: 4/4
    45 | D:1      | Reached skill level 1 in Fighting
   352 | D:1      | Reached XP level 2. HP: 13/18 MP: 4/6
   743 | D:1      | Learned a level 2 spell: Call Imp
   746 | D:1      | Learned a level 2 spell: Blink
  1190 | D:2      | Reached XP level 3. HP: 20/24 MP: 5/7
  1594 | D:2      | Found a radiant altar of Vehumet.
  1724 | D:2      | Reached XP level 4. HP: 28/29 MP: 9/9
  1851 | D:2      | Reached skill level 4 in Spellcasting
  1867 | D:2      | Learned a level 3 spell: Mephitic Cloud
  2112 | D:3      | Found a sacrificial altar of Ru.
  2222 | D:3      | HP: 1/29 [poisoned by an adder]
  2595 | D:3      | Reached skill level 1 in Poison Magic
  2830 | D:3      | Reached XP level 5. HP: 27/34 MP: 2/11
  2837 | D:3      | Gained mutation: You tend to lose your temper in combat. [potion of mutation]
  2837 | D:3      | Gained mutation: You passively map a small area around you. [potion of mutation]
  2837 | D:3      | Slain by a gnoll

Skill      XL: |  1  2  3  4 |
---------------+-------------+-----
Fighting       | 1 2 |  2.1
Spellcasting   | 4 |  4.2
Poison Magic   | 1 |  1.6
Dodging        | |  2.0
Stealth        | |  2.6
Conjurations   | |  1.5
Summonings     | |  1.0
Translocations | |  1.0

Action                   |  1- 3 |  4- 6 || total
-------------------------+-------+-------++-------
Melee: Club              |    32 |       ||    32
       Constrict         |    27 |    19 ||    46
       Unarmed           |     5 |       ||     5
       Tentacles         |     9 |    14 ||    23
       Hand axe          |    63 |    75 ||   138
 Cast: Magic Dart        |     9 |     3 ||    12
       Blink             |       |     1 ||     1
       Call Imp          |       |     1 ||     1
  Use: Potion            |     1 |     2 ||     3
       Scroll            |     1 |     5 ||     6
 Stab: Sleeping          |     8 |    10 ||    18
  Eat: Chunk             |     3 |     3 ||     6
Armor: Skin              |    13 |     1 ||    14
Dodge: Dodged            |   110 |    56 ||   166
